 Dungeon Crawl Stone Soup version 0.31-a0-361-g0f8bd3a31e (webtiles) character file.

Game seed: 11411232553398824478

103131 AdnanSaban the Warrior (level 16, -1/112 HPs)
             Began as a Gargoyle Fighter on July 27, 2023.
             Was the Champion of Okawaru.
             Slain by a four-headed hydra (6 damage)
             ... on level 4 of the Swamp.
             The game lasted 00:50:58 (30807 turns).

AdnanSaban the Warrior (Gargoyle Fighter)          Turns: 30807, Time: 00:50:58

Health: -1/112     AC: 44    Str: 27    XL:     16   Next: 35%
Magic:  0/21       EV:  8    Int: 14    God:    Okawaru [******]
Gold:   2200       SH: 11    Dex:  9    Spells: 15/15 levels left

rFire   . . .        O - +2 eveningstar (drain)
rCold   . . .        M - +0 kite shield
rNeg    + . .        B - +2 plate armour of Cloud Cover {Rampage Int+4}
rPois   ∞            s - +2 helmet
rElec   +            r - +1 cloak
rCorr   +            T - +1 pair of gloves {infuse}
SInv    .            w - +0 pair of boots
Will    +....        q - amulet of guardian spirit Stlth
                     X - ring of resist corrosion
HPRegen 0.38/turn    a - +4 ring of protection
MPRegen 0.17/turn

%: guardian spirit, rampage
@: flying
A: sickness immunity, AC +12, big wings, negative energy resistance 1,
electricity resistance, torment resistance 1, petrification resistance
a: Renounce Religion, Heroism, Finesse, Duel


You were on level 4 of the Swamp.
You worshipped Okawaru.
Okawaru was exalted by your worship.
You visited 5 branches of the dungeon, and saw 25 of its levels.
You also visited: Volcano.

You collected 2200 gold pieces.

Inventory:

Hand Weapons
 O - a +2 eveningstar of draining (weapon)
 S - the +2 morningstar "Odaerph" {flame, rPois rN+ Str+4}
   (You took it off a skeletal warrior on level 10 of the Dungeon)

   Str:       It affects your strength (+4).
   rPois:     It protects you from poison.
   rN:        It protects you from negative energy.
Missiles
 c - a throwing net
 p - 35 poisoned darts
 F - 12 boomerangs (quivered)
 G - 5 datura-tipped darts
 L - a javelin
 U - 2 silver boomerangs
 V - 10 atropa-tipped darts
 Z - 3 silver javelins
Armour
 r - a +1 cloak (worn)
 s - a +2 helmet (worn)
 w - a +0 pair of boots (worn)
 B - the +2 plate armour of Cloud Cover (worn) {Rampage Int+4}
   (Okawaru gifted it to you on level 12 of the Dungeon)

   Int:       It affects your intelligence (+4).
   Rampage:   It bestows one free step when moving towards enemies.
 M - a +0 kite shield (worn)
 T - a +1 pair of gloves of infusion (worn)
Jewellery
 a - a +4 ring of protection (right hand)
 q - an amulet of guardian spirit (around neck)
 X - a ring of resist corrosion (left hand)
Wands
 x - a wand of acid (62)
 C - a wand of flame (63)
 D - a wand of mindburst (11)
Scrolls
 b - a scroll of summoning {unknown}
 f - 2 scrolls of immolation {unknown}
 h - 6 scrolls of revelation {unknown}
 i - 6 scrolls of blinking {unknown}
 m - 4 scrolls of vulnerability {unknown}
 o - 8 scrolls of teleportation {unknown}
 t - 2 scrolls of torment {unknown}
 y - 4 scrolls of enchant armour {unknown}
 E - 6 scrolls of fear {unknown}
 H - 3 scrolls of noise {unknown}
 I - 2 scrolls of brand weapon {unknown}
 J - 14 scrolls of identify {unknown}
 K - 2 scrolls of enchant weapon {unknown}
 P - a scroll of poison {unknown}
Potions
 d - 4 potions of might
 e - 5 potions of curing {unknown}
 g - 3 potions of haste {unknown}
 j - 5 potions of lignification {unknown}
 k - 9 potions of heal wounds
 l - 3 potions of brilliance {unknown}
 n - 2 potions of enlightenment {unknown}
 u - 4 potions of degeneration {unknown}
 v - 3 potions of magic {unknown}
 z - a potion of resistance {unknown}
 A - 4 potions of berserk rage {unknown}
 N - a potion of ambrosia {unknown}
 R - 4 potions of mutation {unknown}
 W - a potion of attraction {unknown}
 Y - 3 potions of invisibility {unknown}


   Skills:
 * Level 16.9 Fighting
 + Level 16.7 Maces & Flails
 + Level 5.3 Throwing
 + Level 12.8 Armour
 + Level 3.7 Dodging
 + Level 12.1 Shields
 + Level 7.1 Invocations


You had 15 spell levels left.
You didn't know any spells.
Your spell library contained the following spells:

 Spells                   Type           Power      Damage    Failure   Level
 Foxfire                  Conj/Fire      0%         2x1d4     97%         1
 Kiss of Death            Conj/Necr      0%         2d5       97%         1
 Magic Dart               Conj           0%         1d3       97%         1
 Sting                    Tmut/Pois      0%         1d3       97%         1
 Poisonous Vapours        Pois/Air       0%         N/A       99%         2
 Scorch                   Fire           0%         2d5       99%         2
 Confusing Touch          Hex            0%         N/A       100%        3
 Mephitic Cloud           Conj/Pois/Air  0%         N/A       100%        3
 Ozocubu's Armour         Ice            0%         N/A       100%        3
 Anguish                  Hex/Necr       0%         N/A       100%        4
 Cause Fear               Hex            0%         N/A       100%        4
 Dispel Undead            Necr           0%         3d6       100%        4
 Flame Wave               Conj/Fire      0%         2d4       100%        4
 Olgreb's Toxic Radiance  Pois           0%         N/A       100%        4
 Petrify                  Tmut/Erth      0%         N/A       100%        4
 Irradiate                Conj/Tmut      0%         3d11      100%        5
 Metabolic Englaciation   Hex/Ice        0%         N/A       100%        5
 Conjure Ball Lightning   Conj/Air       0%         3x3d6     100%        6
 Plasma Beam              Fire/Air       0%         2x1d10    100%        6
 Starburst                Conj/Fire      0%         6d3       100%        6
 Enfeeble                 Hex            0%         N/A       100%        7
 Discord                  Hex            0%         N/A       100%        8
 Disjunction              Tloc           0%         N/A       100%        8
 Call Imp                 Summ           Unusable   N/A       N/A         2
 Sublimation of Blood     Necr           Unusable   N/A       N/A         2
 Simulacrum               Ice/Necr       Unusable   N/A       N/A         6
 Summon Cactus Giant      Summ           Unusable   N/A       N/A         6

Dungeon Overview and Level Annotations

Branches:
Dungeon (13/15)            Temple (1/1) D:4            Lair (5/5) D:9
  Swamp (4/4) Lair:2       Spider (0/4) Lair:3        Slime (0/5) Lair:4
    Orc (2/2) D:12            Elf (0/3) Orc:2       Volcano (visited)
 Vaults: D:13-14

Altars:
Ashenzari
Cheibriados
Dithmenos
Elyvilon
Fedhas
Gozag
Hepliaklqana
Kikubaaqudgha
Makhleb
Nemelex Xobeh
Okawaru
Qazlal
Ru
Sif Muna
Trog
Uskayaw
Vehumet
Wu Jian
Xom
Yredelemnul
Zin
The Shining One

Shops:
Orc:2 !=[(?

Annotations:
D:10 2 transporters, exclusion: orange crystal statue
Lair:1 2 transporters, hackon's ghost, journeyman OgFE


Innate Abilities, Weirdness & Mutations

You are immune to sickness and miasma.
Your stone body is resilient. (AC +12)
You are immune to poison.
Your large and strong wings let you fly.
You resist negative energy. (rN+)
You are resistant to electric shocks. (rElec)
You are resistant to unholy torment.
You are immune to petrification.


Message History

The four-headed hydra bites you.
The four-headed hydra bites you but does no damage.
The five-headed hydra bites you but does no damage. x3
The five-headed hydra bites you!
The five-headed hydra bites you but does no damage.
The swamp worm bites you but does no damage.
The spriggan rider hits you but does no damage.
You impale the foxfire!!
The foxfire is moderately damaged.
The foxfire hits you but does no damage.
The foxfire hits you. You block the spriggan rider's attack.
The eight-headed hydra bites you but does no damage.
You block the eight-headed hydra's attack.
The eight-headed hydra bites you but does no damage. x3
You block the eight-headed hydra's attack.
The eight-headed hydra bites you but does no damage. x2
The four-headed hydra bites you but does no damage. x2
The four-headed hydra bites you.
* * * LOW HITPOINT WARNING * * *
The four-headed hydra closely misses you.
The tyrant leech bites you!
* * * LOW HITPOINT WARNING * * *
The five-headed hydra bites you!
* * * LOW HITPOINT WARNING * * *
The five-headed hydra bites you!
* * * LOW HITPOINT WARNING * * *
The five-headed hydra bites you but does no damage. x2
The five-headed hydra bites you.
* * * LOW HITPOINT WARNING * * *
The swamp worm barely misses you.
The eight-headed hydra attacks as you move away!
The eight-headed hydra bites you but does no damage. x4
The eight-headed hydra completely misses you.
You block the eight-headed hydra's attack.
The eight-headed hydra barely misses you.
The eight-headed hydra bites you but does no damage.
The four-headed hydra attacks as you move away!
The four-headed hydra bites you but does no damage.
The four-headed hydra bites you!
You die...

♣ ♣♣♣♣♣♣♣ ♣♣♣♣
♣♣♣~♣♣♣♣~...~♣♣~.~♣♣
♣..~~...~~~~~~~~~~~♣.
♣.~~~.<.~iDwD~~~§§..~
♣~....~.(ww@i.i.t.~..
...~.~~~.~♣§§D....~♣♣$
~~~~..~~.~§§♣♣~.~♣♣♣
~~w.♣.~.~..§♣♣♣♣♣♣
...♣♣♣♣♣~..§♣ ~~~
♣.kv§♣ ~~ ♣~~~§~ k..~§
~.....


You could see an alligator, an eight-headed hydra, a five-headed hydra, a
four-headed hydra, a tyrant leech, 3 spriggan riders, a will-o-the-wisp, 2 swamp
worms and 2 swamp drakes.

Vanquished Creatures
  Jorgrun (Swamp:1)
  Frances (D:12)
  Gastronok (D:9)
  A thorn hunter (Swamp:1)
  A fenstrider witch (Swamp:1)
  5 eleionomae
  A red draconian (Volcano)
  4 bunyips
  6 hydras
  3 ghost crabs
  3 alligators
  3 centaur warriors
  3 death yaks (D:8)
  4 two-headed ogres
  3 orc high priests (Orc:2)
  2 spriggan berserkers (Swamp:3)
  Amaemon (D:10)
  A skyshark (Lair:4)
  A salamander mystic (Volcano)
  A fire crab (Lair:4)
  4 skeletal warriors
  4 goliath frogs (Swamp:1)
  2 spriggan druids (Swamp:3)
  3 bog bodies
  4 swamp dragons
  Pikel (D:7)
  7 orc knights
  4 will-o-the-wisps
  An oklob plant (Lair:3)
  4 salamanders (Volcano)
  2 ugly things
  A wolf spider (D:11)
  A manticore (D:11)
  3 orc sorcerers (Orc:2)
  8 elephants
  Maurice (Orc:1)
  3 black mambas
  3 cyclopes
  2 molten gargoyles (Volcano)
  4 gargoyles
  2 torpor snails
  5 orange demons
  16 cane toads
  4 kobold demonologists
  2 rime drakes
  An unseen horror (D:11)
  2 tengu conjurers
  12 komodo dragons
  2 red devils (D:10)
  9 trolls
  6 polar bears
  A tarantella (shapeshifter) (D:11)
  7 tyrant leeches
  7 hornets
  11 blink frogs
  2 dream sheep (Lair:5)
  A spectral black mamba (Lair:2)
  2 jumping spiders (Lair:3)
  A vampire (D:11)
  6 slime creatures
  2 shadows (D:12)
  40 yaks
  17 spriggans
  2 fire bats (Volcano)
  7 basilisks
  2 redbacks (Lair:2)
  2 wraiths (D:11)
  2 vampire mosquitoes (D:11)
  A steam dragon (D:5)
  2 wargs (Orc:2)
  An acid dragon (D:11)
  Edmund (D:6)
  11 swamp worms
  9 water moccasins
  2 hell hounds (Lair:1)
  6 black bears
  21 orc warriors
  2 sky beasts
  A swamp drake (Swamp:1)
  An ice beast (D:8)
  9 ogres
  4 boggarts (Lair:5)
  25 wolves
  9 centaurs
  2 phantoms (D:12)
  3 kobold brigands
  2 spectral water moccasins (Lair:2)
  3 gnoll sergeants
  18 bullfrogs
  A spectral wyvern (Lair:2)
  A scorpion (D:5)
  5 wights
  3 troll zombies (D:12)
  4 killer bees (D:11)
  A howler monkey (D:6)
  4 crimson imps
  7 lava snakes (Volcano)
  2 hounds (D:4)
  A jelly (D:6)
  A gnoll bouda (D:6)
  15 orc priests
  A sleepcap (D:4)
  4 iguanas
  Ijyb (D:4)
  22 orc wizards
  Natasha (thrice) (D:3)
  13 hell rats
  5 ogre zombies (D:12)
  Robin (D:3)
  20 gnolls
  4 adders
  5 white imps
  An ufetubus (D:4)
  2 worms (D:2)
  6 dart slugs
  57 orcs
  14 ball pythons
  7 bats
  8 endoplasms
  3 giant cockroaches (D:2)
  19 goblins
  7 hobgoblins
  7 jackals
  19 kobolds
  2 quokkas
  5 frilled lizards
  2 goblin skeletons (D:12)
  2 goblin zombies (D:12)
  2 hobgoblin skeletons (D:12)
  2 hobgoblin zombies (D:12)
  2 orc skeletons (D:12)
  15 orc zombies (D:12)
  2 rats
722 creatures vanquished.

Vanquished Creatures (others)
  21 foxfires
21 creatures vanquished.

Grand Total: 743 creatures vanquished

Notes
Turn   | Place    | Note
-------+----------+-------------------------------------------
     0 | D:1      | AdnanSaban the Gargoyle Fighter began the quest for the
                  | Orb.
     0 | D:1      | Reached XP level 1. HP: 14/14 MP: 1/1
    92 | D:1      | Reached XP level 2. HP: 19/19 MP: 2/2
   329 | D:1      | Reached XP level 3. HP: 18/24 MP: 3/3
   808 | D:2      | Noticed a shining eye
   809 | D:2      | Found a faded altar of an unknown god.
   813 | D:2      | Noticed a golden eye
   819 | D:2      | Noticed an eye of devastation
   927 | D:2      | Reached XP level 4. HP: 29/29 MP: 4/4
  1244 | D:2      | Noticed a shining eye
  1760 | D:3      | Noticed Natasha
  1928 | D:3      | Killed Natasha
  2089 | D:3      | Reached XP level 5. HP: 33/33 MP: 3/5
  2176 | D:3      | Noticed Robin
  2196 | D:3      | Killed Robin
  2396 | D:3      | Found a bloodstained altar of Trog.
  2404 | D:3      | Reached skill level 1 in Dodging
  2609 | D:3      | Noticed Natasha
  2623 | D:3      | Killed Natasha
  2786 | D:3      | Noticed Natasha
  2801 | D:3      | Killed Natasha
  2802 | D:3      | Reached XP level 6. HP: 26/39 MP: 3/6
  4014 | D:4      | Noticed Ijyb
  4059 | D:4      | HP: 1/39 [Ijyb/+0 club (4)]
  4061 | D:4      | Killed Ijyb
  4526 | D:4      | Found a staircase to the Ecumenical Temple.
  4534 | Temple   | Entered the Ecumenical Temple
  4558 | Temple   | Became a worshipper of Warmaster Okawaru
  4794 | D:5      | Entered Level 5 of the Dungeon
  4850 | D:5      | Reached XP level 7. HP: 41/44 MP: 7/7
  4863 | D:5      | Found a shimmering altar of Xom.
  4877 | D:5      | Reached skill level 5 in Maces & Flails
  4877 | D:5      | Reached skill level 5 in Armour
  5463 | D:5      | Found a radiant altar of Vehumet.
  5464 | D:5      | Found an ancient bone altar of Kikubaaqudgha.
  5535 | D:5      | Reached skill level 5 in Fighting
  5554 | D:5      | Reached * piety under Okawaru
  5555 | D:5      | Reached XP level 8. HP: 43/49 MP: 8/8
  6611 | D:6      | Found a broken altar of Ashenzari.
  6708 | D:5      | Reached ** piety under Okawaru
  6709 | D:5      | Reached skill level 1 in Throwing
  6773 | D:5      | Reached skill level 5 in Shields
  6773 | D:5      | Reached XP level 9. HP: 20/55 MP: 2/9
  6901 | D:6      | Found a sacrificial altar of Ru.
  6902 | D:6      | Found a stormy altar of Qazlal.
  7036 | D:6      | Noticed Edmund
  7049 | D:6      | Killed Edmund
  7067 | D:6      | Found a basalt altar of Yredelemnul.
  7419 | D:7      | Reached skill level 1 in Invocations
  7978 | D:7      | Noticed Pikel
  7994 | D:7      | Killed Pikel
  8355 | D:7      | Reached *** piety under Okawaru
  8405 | D:8      | Reached XP level 10. HP: 61/61 MP: 12/12
  8751 | D:8      | Found a hide-covered altar of Uskayaw.
  8905 | D:8      | Found a burning altar of Makhleb.
  9346 | D:9      | Found a glowing silver altar of Zin.
  9390 | D:9      | Noticed a death yak
  9480 | D:8      | Reached **** piety under Okawaru
  9680 | D:9      | Found a staircase to the Lair.
  9777 | D:9      | Noticed a death yak
  9779 | D:9      | Noticed a death yak
  9810 | D:8      | Reached skill level 10 in Maces & Flails
 10314 | D:8      | Reached XP level 11. HP: 55/69 MP: 11/14
 10318 | D:8      | Reached skill level 5 in Invocations
 10467 | D:7      | Reached ***** piety under Okawaru
 10544 | D:8      | Killed a death yak
 10615 | D:8      | Killed a death yak
 10634 | D:8      | Killed a death yak
 10814 | D:10     | Entered Level 10 of the Dungeon
 10830 | D:10     | Found an ornate altar of the Wu Jian Council.
 11164 | D:9      | Received a gift from Okawaru
 11329 | D:10     | Found a transporter.
 11332 | D:10     | Noticed a harpy
 11332 | D:10     | Noticed a boulder beetle
 11334 | D:10     | Noticed an orange crystal statue
 11338 | D:10     | Noticed an eight-headed hydra
 11339 | D:10     | Noticed a purple ugly thing
 11441 | D:10     | Found a blossoming altar of Fedhas.
 11641 | D:10     | Found a transporter.
 11649 | D:10     | Noticed an ogre mage
 12098 | D:11     | Noticed a two-headed ogre
 12105 | D:11     | Killed a two-headed ogre
 12105 | D:11     | Identified the +2 falchion of Ribourr {venom, Will+ rCorr}
                  | (Okawaru gifted it to you on level 11 of the Dungeon)
 12105 | D:11     | Received a gift from Okawaru
 12106 | D:11     | Reached skill level 10 in Fighting
 12121 | D:11     | Reached XP level 12. HP: 71/77 MP: 14/17
 12157 | D:11     | Noticed Amaemon
 12198 | D:10     | Killed Amaemon
 12567 | D:11     | Identified the +2 morningstar "Odaerph" {flame, rPois rN+
                  | Str+4}
 13188 | D:11     | Found a hide-covered altar of Uskayaw.
 13216 | D:11     | Noticed a two-headed ogre
 13227 | D:11     | Killed a two-headed ogre
 13227 | D:11     | Received a gift from Okawaru
 13341 | D:11     | Noticed a two-headed ogre
 13348 | D:11     | Killed a two-headed ogre
 13392 | D:11     | Received a gift from Okawaru
 13460 | D:11     | Noticed a centaur warrior
 13460 | D:11     | Found the +12 pair of quick blades "Gyre" and "Gimble"
                  | {protect}
 13471 | D:11     | Killed a centaur warrior
 13502 | D:11     | Reached ****** piety under Okawaru
 13605 | D:11     | Reached XP level 13. HP: 76/84 MP: 15/18
 13809 | D:12     | Identified the +2 plate armour of Cloud Cover {Rampage
                  | Int+4} (Okawaru gifted it to you on level 12 of the
                  | Dungeon)
 13809 | D:12     | Received a gift from Okawaru
 13969 | D:12     | Noticed Frances
 13989 | D:12     | Killed Frances
 14162 | D:12     | Found a staircase to the Orcish Mines.
 14858 | D:12     | Reached skill level 10 in Armour
 15333 | Lair:1   | Entered Level 1 of the Lair of Beasts
 15333 | Lair:1   | Noticed Gastronok
 15362 | D:9      | Killed Gastronok
 15511 | Lair:1   | Found a dark tunnel.
 15520 | Volcano  | Entered a volcano
 16303 | Volcano  | Found a radiant altar of Vehumet.
 16508 | Volcano  | Noticed a red draconian
 16519 | Volcano  | Killed a red draconian
 16798 | Volcano  | Received a gift from Okawaru
 17267 | Lair:1   | Found a transporter.
 17268 | Lair:1   | Found the +8 lance "Wyrmbane" {slay drac, rPois rF+ rC+
                  | AC+3}
 17270 | Lair:1   | Noticed hackon's ghost (journeyman OgFE)
 17344 | Lair:1   | Found a transporter.
 17515 | Lair:2   | Gained mutation: Your large and strong wings let you fly.
                  | [Gargoyle growth]
 17515 | Lair:2   | Reached XP level 14. HP: 85/94 MP: 6/19
 17700 | Lair:2   | Received a gift from Okawaru
 18436 | Lair:2   | Received a gift from Okawaru
 18853 | Lair:2   | Found a staircase to the Swamp.
 19230 | Lair:3   | Found a hole to the Spider Nest.
 19322 | Lair:2   | Reached skill level 10 in Shields
 19486 | Lair:3   | Reached skill level 15 in Maces & Flails
 20567 | Lair:3   | Received a gift from Okawaru
 20690 | Lair:4   | Identified the +7 falchion "Ciacy" {flame, rPois Int+5}
 20870 | Lair:4   | Found a staircase to the Slime Pits.
 22607 | Lair:5   | Entered Level 5 of the Lair of Beasts
 23176 | Lair:5   | Reached XP level 15. HP: 101/101 MP: 16/20
 23358 | Lair:5   | Identified the -2 cloak of Recklessness {Regen+} (Okawaru
                  | gifted it to you on level 5 of the Lair of Beasts)
 23358 | Lair:5   | Received a gift from Okawaru
 24270 | Orc:1    | Entered Level 1 of the Orcish Mines
 24331 | D:12     | Reached skill level 15 in Fighting
 24574 | Orc:2    | Entered Level 2 of the Orcish Mines
 24799 | Orc:2    | Found a staircase to the Elven Halls.
 24833 | Orc:2    | Found Putsas's Magic Scroll Shoppe.
 25818 | Orc:2    | Found Xizamid's Distillery.
 25818 | Orc:2    | Found Huhual's Jewellery Emporium.
 25820 | Orc:2    | Found Atul's Armour Boutique.
 25820 | Orc:2    | Found Moppawuf's Weapon Emporium.
 26048 | Orc:1    | Noticed Maurice
 26460 | Orc:1    | Killed Maurice
 26738 | Orc:1    | You are sucked into a shaft and drop 1 floor!
 27007 | Swamp:1  | Entered Level 1 of the Swamp
 27071 | Swamp:1  | Received a gift from Okawaru
 27169 | Swamp:1  | Noticed a thorn hunter
 27179 | Swamp:1  | Killed a thorn hunter
 27483 | Swamp:1  | Received a gift from Okawaru
 27864 | Swamp:1  | Noticed Jorgrun
 27884 | Swamp:1  | Killed Jorgrun
 27885 | Swamp:1  | Reached skill level 5 in Throwing
 28487 | Swamp:2  | Noticed a fenstrider witch
 28572 | Swamp:2  | Paralysed by a fenstrider witch for 4 turns
 28585 | Swamp:1  | Killed a fenstrider witch
 28969 | Swamp:2  | Reached XP level 16. HP: 92/111 MP: 14/21
 28978 | Swamp:2  | Received a gift from Okawaru
 30206 | Swamp:3  | Identified the +7 broad axe "Plojy" {freeze, rC+ Int+3}
 30592 | Swamp:4  | Entered Level 4 of the Swamp
 30806 | Swamp:4  | HP: 5/112 [five-headed hydra (1)]
 30807 | Swamp:4  | Slain by a four-headed hydra

Illustrated notes

Levels and vault maps discovered:
D:1:      dpeg_arrival_refuge, layout_rooms
D:2:      layout_basic, hellmonk_ecumenical_altar_watching_god,
          minmay_goblin_kobold_house
D:3:      layout_basic, nicolae_overflow_crystal_walls, st_stairs_11,
          hangedman_decor_growths, uniq_robin, uniq_natasha
D:4:      kennysheep_the_goblin_king, layout_basic,
          minmay_temple_entry_nine_rooms, serial_co_window_serial,
          co_window_corner_a, co_window_corner_a, co_window_paths_a,
          co_window_corner_a, co_window_of_opportunity_a, co_window_corner_a,
          co_window_paths_a, co_window_of_opportunity_c, co_window_cross_3,
          co_window_broadway_b, co_window_corner_cb, co_window_4corner_a,
          glass_columns_a, glass_columns_b, glass_columns_a, saegor_snake_ambush
D:5:      layout_loops_cross, led_xom_imps, gammafunk_temple_overflow_pools
D:6:      layout_rooms, mainiacjoe_overflow_tiny_flanked,
          chequers_temple_overflow_statue_of_worship, st_stairs_10, uniq_edmund
D:7:      layout_basic, uniq_pikel
D:8:      layout_loops_ring, mainiacjoe_overflow_24_doors,
          kennysheep_little_box, kennysheep_generic_room_4
D:9:      layout_long_grid, mainiacjoe_overflow_alcove_4, dpeg_lair_monsters,
          kennysheep_generic_room_11
D:10:     gammafunk_sealed_arena, layout_cave_pods, lemuel_crystal_altar,
          lemuel_tele_altar, minmay_beelzebubs_servants
D:11:     minmay_the_grid_triangle_9x9_rhombus_thin
          [minmay_the_grid_triangle_9x9_flanged_cone,
          minmay_the_grid_triangle_9x9_prize_center,
          minmay_the_grid_triangle_9x9_alien,
          minmay_the_grid_triangle_9x9_thin_v], layout_cave_pools,
          nicolae_uskayaw_dance_hall, uniq_amaemon
D:12:     layout_long_grid, zombieorc2_lemuel, uniq_frances
D:13:     layout_cave_pools, erik_vaults_1, special_room [special_room_orc],
          uniq_azrael, uniq_josephine
Temple:   hellmonk_temple_beads
Lair:1:   layout_cave_shapes, gauntlet_entry_generic, enter_volcano_3,
          gammafunk_ghost_berserking_beasts, uniq_gastronok
Lair:2:   layout_loops_ring, nicolae_swamp_entry_spooky
Lair:3:   layout_cave_pods, spider_nest_entry_a
Lair:4:   nzn_winding_woodlands_cross [nzn_winding_woodlands_5x15_pockets,
          nzn_winding_woodlands_5x15_crooked, nzn_winding_woodlands_5x15_cabin,
          nzn_winding_woodlands_5x15_sidewinder,
          nzn_winding_woodlands_15x15_boxy_spiral], layout_small_grid,
          slime_entry_1, chequers_serial_rivers_large_b, minivault_23
Lair:5:   minmay_lair_end_enchanted_forest, layout_loops_ring, st_stairs_11
Swamp:1:  layout_falls_marsh, evilmike_swamp_ruin_house_1,
          nicolae_swamp_treefoil, infiniplex_staircase_pool, uniq_jorgrun
Swamp:2:  layout_basic_swamp, evilmike_swamp_ruin_house_4, swamp_pool1,
          nicolae_swamp_stair_fork, nicolae_swamp_small_spring,
          infiniplex_staircase_pool_2
Swamp:3:  layout_basic_swamp, nicolae_swamp_some_circles
Swamp:4:  swamp, layout_basic_swamp, swamp_pool5, uniq_nikola
Orc:1:    layout_caves, uniq_maurice
Orc:2:    grunt_orc_tribal_feast, layout_caves, serial_shops, shop

Skill      XL: |  1  2  3  4  5  6  7  8  9 10 11 12 13 14 15 16 |
---------------+-------------------------------------------------+-----
Fighting       | 4 5 6 8 10 11 13 14 16 | 16.9
Maces & Flails | 3 4 5 7 8 10 11 12 14 15 16 | 16.7
Armour         | 4 5 6 7 8 9 10 11 12 | 12.8
Dodging        | 1 2 3 |  3.7
Shields        | 4 5 6 7 9 10 11 12 | 12.1
Throwing       | 1 2 4 5 |  5.3
Invocations    | 2 4 6 7 |  7.1

Action                     |  1- 3 |  4- 6 |  7- 9 | 10-12 | 13-15 | 16-18 || total
---------------------------+-------+-------+-------+-------+-------+-------++-------
  Melee: Flail             |   142 |   362 |   538 |    27 |       |       ||  1069
         Morningstar       |       |       |       |   371 |       |       ||   371
         Eveningstar       |       |       |       |   231 |  1393 |   166 ||  1790
  Throw: Boomerang         |       |       |    40 |    83 |    49 |     4 ||   176
         Dart              |       |       |       |       |     4 |       ||     4
 Invoke: Heroism           |       |       |       |       |     2 |       ||     2
    Use: Potion            |       |       |       |     1 |     2 |       ||     3
 Armour: Scale mail        |   113 |   232 |    33 |       |       |       ||   378
         Chain mail        |       |       |   193 |       |       |       ||   193
         Plate armour      |       |       |   322 |   454 |   788 |   225 ||  1789
         Skin              |       |       |       |       |    26 |       ||    26
  Dodge: Dodged            |   122 |   180 |   237 |   286 |   644 |    72 ||  1541
  Block: Buckler           |    48 |    78 |   140 |    58 |       |       ||   324
         Kite shield       |       |       |       |   236 |   727 |    89 ||  1052

Table legend: (Time is in decaauts)
 A = Elapsed time spent in this place.
 B = Non-inter-level travel time spent in this place.
 C = Inter-level travel time spent in this place.
 D = Time resting spent in this place.
 E = Time spent auto-exploring this place.
 F = Levels seen in this place.
 G = Mean time per level.
                   A        B        C        D        E       F      G
               +--------+--------+--------+--------+--------+-----+--------+
         Total |  30874 |  28868 |   2006 |   4449 |  17912 |  26 | 1187.5 |
       Dungeon |  15883 |  14562 |   1321 |   1974 |   8457 |  13 | 1221.8 |
        Temple |     48 |      2 |     46 |      0 |      0 |   1 |   48.0 |
          Lair |   7035 |   6738 |    297 |    483 |   5221 |   5 | 1407.0 |
         Swamp |   3736 |   3605 |    131 |    950 |   2081 |   4 |  934.0 |
  Orcish Mines |   2505 |   2296 |    209 |    589 |   1239 |   2 | 1252.5 |
       Volcano |   1664 |   1664 |      0 |    453 |    914 |   1 | 1664.0 |
               +--------+--------+--------+--------+--------+-----+--------+

Top non-repeatable levels by time:
 Swamp:1: 1892 daAuts
  Lair:4: 1866 daAuts
   Orc:2: 1837 daAuts
     D:4: 1813 daAuts
  Lair:2: 1761 daAuts
    D:11: 1670 daAuts
 Volcano: 1664 daAuts
     D:3: 1526 daAuts
  Lair:5: 1486 daAuts
     D:9: 1485 daAuts
     D:5: 1475 daAuts
    D:10: 1441 daAuts
     D:8: 1369 daAuts
    D:12: 1285 daAuts
  Lair:3: 1245 daAuts
